[Event "*** SCC Grand Prix: Titled Tuesday Blitz"]
[Site "Chess.com"]
[Date "2020.06.09"]
[Round "6"]
[White "KNVB"]
[Black "Sam_ChessMood"]
[Result "0-1"]
[WhiteElo "2702"]
[BlackElo "2827"]
[TimeControl "180+1"]
[EndTime "10:07:18 PDT"]
[Termination "Sam_ChessMood won by checkmate"]

1. d4 Nf6 2. Bf4 d5 3. e3 c5 4.
c3 Nc6 5. Nd2 Bf5 6. Qb3 Qc8 7.
Ngf3 e6 8. h3 Be7 9. Be2 O-O 10.
O-O h6 11. a4 c4 12. Qa2 a6 13. a5 Bd8 14. b4 Bc7 15. Qb2 Bxf4 16. exf4 Ne8 17.
Rfe1 Nc7 18. Ne5 Nxe5 19. fxe5 Nb5 20. Nf1 Qc7 21. Ne3 Bg6 22. Bd1 Bd3 23. Ba4 Na7 24. Qd2 Qe7 25. Ng4 Qg5 26. f4 Qf5 27. Qf2 Rfb8 28.
Ne3 Qg6 29. Kh2 b6 30. axb6 Rxb6 31. g4 Nb5 32. Bxb5 Rxb5 33. f5 Qg5 34. h4 Qe7 35. Kg3 a5 36. Ra2 f6 37. Qf4 exf5 38. gxf5 fxe5 39.
dxe5 d4 40. cxd4 Rxb4 41. Nd5 Qb7 42. Nxb4 Qxb4 43. Rg1 Qb3 44. Rf2 Bxf5+ 45. Kh2 Qh3# 0-1

[Event "*** SCC Grand Prix: Titled Tuesday Blitz"]
[Site "Chess.com"]
[Date "2020.06.09"]
[Round "6"]
[White "gui_borba"]
[Black "Lenyas66"]
[Result "0-1"]
[WhiteElo "2355"]
[BlackElo "2578"]
[TimeControl "180+1"]
[EndTime "10:07:18 PDT"]
[Termination "Lenyas66 won by resignation"]

1. d4 e6 2. e4 d5 3. e5 c5 4. c3 Nc6 5. Nf3 Qb6 6. a3 c4 7. Nbd2 Na5 8. g3 Bd7 9. Bg2 Ne7 10. O-O Qc7 11. Re1 Nc8 12. Rb1 Nb6 13. Nf1 Nb3 14. h4 h6 15. h5 Be7 16. N1h2 O-O-O 17. Ng4 Rdg8 18. Bf4 Qd8 19. Nd2 Nxd2 20. Qxd2 g5 21. Be3 Rf8 22. Bf3 f5 23. exf6 Bxf6 24. Nxf6 Rxf6 25.
Bg4 Rhf8 26. Kg2 Kb8 27. f4 gxf4 28. Bxf4+ Rxf4 29. gxf4 Qh4 30. Qe2 Rg8 31. Kf3 Qxg4+ 32. Ke3 Qf5 33. Rg1 Qe4+ 34. Kd2 Qxf4+ 35. Kc2 Ba4+ 36. b3 Bxb3+ 37. Kb2 Rxg1 38. Rxg1 Qe4 39. Qxe4 dxe4 40. Rg6 Na4+ 41. Kc1 Nxc3 42. Rxh6 e3 43.
Rxe6 Ne2+ 44. Kb2 c3+ 45. Kxb3 c2 46. Rxe3 c1=Q 47. Rxe2 Qd1+ 48. Rc2 Qxd4 49. h6 Qd5+ 50. Rc4 Qf3+ 51. Kb4 Qf8+ 52. Rc5 Qxh6 53. Re5 Qd6+ 0-1

[Event "*** SCC Grand Prix: Titled Tuesday Blitz"]
[Site "Chess.com"]
[Date "2020.06.09"]
[Round "6"]
[White "Nikolaj_6"]
[Black "Playgood28"]
[Result "1-0"]
[WhiteElo "2556"]
[BlackElo "2257"]
[TimeControl "180+1"]
[EndTime "10:07:18 PDT"]
[Termination "Nikolaj_6 won by resignation"]

1. e4 e5 2. Nf3 d6 3. d4 exd4 4.
Nxd4 Nf6 5. Nc3 Be7 6. g3 d5 7. e5 Ng4 8. Bg2 Nxe5 9. Qe2 Nec6 10. Be3 O-O 11. O-O-O Nxd4 12. Bxd4 c5 13. Nxd5 Bg5+ 14.
Be3 Bxe3+ 15. Qxe3 Qa5 16. Ne7+ Kh8 17. Nxc8 Rxc8 18. Bxb7 Nc6 19. Bxa8 Rxa8 20. a3 Nd4 21. Rxd4 cxd4 22. Qxd4 h6 23. Kb1 Rb8 24. Rd1 Qb5 25.
f4 a5 26. Qc3 a4 27. Ka2 Qf5 28. Qe5 Qc8 29. Rd4 f6 30. Qd6 Kh7 31. Rxa4 Qxc2 32. Qxb8 Qxa4 33. Qb3 Qa5 34. h4 h5 35. Qd3+ Kh6 36.
Qc4 g5 37. fxg5+ fxg5 38. Qe6+ Kg7 39. hxg5 Qxg5 40. Qb3 Qa5 41. a4 Kh6 42. Qe3+ Kg6 43. Qd3+ Kh6 44. Qb5 Qc7 45. a5 Qxg3 46. a6 h4 47. a7 h3 48. a8=Q 1-0

[Event "*** SCC Grand Prix: Titled Tuesday Blitz"]
[Site "Chess.com"]
[Date "2020.06.09"]
[Round "6"]
[White "enkhtuul"]
[Black "Shushik"]
[Result "0-1"]
[WhiteElo "2378"]
[BlackElo "2173"]
[TimeControl "180+1"]
[EndTime "10:07:19 PDT"]
[Termination "Shushik won by resignation"]

1. e4 e5 2. Nf3 Nc6 3. d4 exd4 4. Nxd4 Bc5 5. c3 Qf6 6. Be3 Qg6 7. Nd2 Nge7 8.
Nxc6 Qxc6 9. Bxc5 Qxc5 10. Be2 O-O 11. O-O d5 12. Nb3 Qd6 13. exd5 Nxd5 14. Bf3 Be6 15.
c4 Nf4 16. Qxd6 cxd6 17. Nd2 Rab8 18. b3 b6 19. g3 Ng6 20. h4 Rfd8 21. Rac1 Ne5 22.
Bg2 Rbc8 23. Nf3 Nd3 24. Rc3 Nb4 25. a3 Nc6 26. Ng5 Na5 27. Nxe6 fxe6 28. Bh3 Kf7 29. Re3 Re8 30. Rfe1 Rc5 31. b4 Nxc4 32. bxc5 Nxe3 33. Rxe3 bxc5 34. Rb3 d5 35. Bf1 Re7 36. Be2 c4 37. Rc3 Rb7 38. Kg2 Rb2 39. Kf3 Ke7 40. Ke3 Kd6 41.
Bd1 Kc5 42. Rc2 Rb3+ 43. Kf4 Rxa3 44. Ke5 d4 45. Kxe6 d3 46. Rc1 c3 47. Bg4 d2 48.
Rc2 Kd4 49. Kf7 Kd3 50. Bf5+ Kd4 51. Bg4 g6 52. Be2 Ra1 53. Kg7 Re1 54. Bg4 Kd3 55.
Ra2 c2 56. Ra3+ Kd4 57. Ra4+ Kc5 58. Ra5+ Kb6 0-1

[Event "*** SCC Grand Prix: Titled Tuesday Blitz"]
[Site "Chess.com"]
[Date "2020.06.09"]
[Round "6"]
[White "Dr_crypt"]
[Black "joksijoksi"]
[Result "0-1"]
[WhiteElo "2455"]
[BlackElo "2365"]
[TimeControl "180+1"]
[EndTime "10:07:20 PDT"]
[Termination "joksijoksi won by checkmate"]

1. d4 e6 2. Nf3 d5 3. c4 c6 4. e3 f5 5. Ne5 Nf6 6. Nd2 Bd6 7. Ndf3 O-O 8. Bd3 Ne4 9. O-O Nd7 10.
Nxd7 Bxd7 11. Ne5 Be8 12. f3 Bh5 13. Qc2 Nf6 14. cxd5 cxd5 15. f4 Ne4 16. Bxe4 fxe4 17. Bd2 Bxe5 18. fxe5 Rxf1+ 19. Rxf1 Rc8 20. Qb3 Qb6 21. Qa3 Qc6 22. Qe7 h6 23. Rc1 Qe8 24. Qxb7 Rb8 25. Qa6 Rb6 26. Qa3 Be2 27. b3 Rb7 28. Bb4 Rf7 29. Qb2 Qc6 30. h3 Qb5 31. Bd6 Qd3 32. Qc3 Rf1+ 33. Kh2 Rf2 34. Kg3 Bf3 35. gxf3 Rxf3+ 36. Kg4 Qe2 37. Qe1 Qg2+ 38. Kh5 Qg5# 0-1

[Event "*** SCC Grand Prix: Titled Tuesday Blitz"]
[Site "Chess.com"]
[Date "2020.06.09"]
[Round "6"]
[White "Gajuchess"]
[Black "Dinamo81"]
[Result "0-1"]
[WhiteElo "2779"]
[BlackElo "2653"]
[TimeControl "180+1"]
[EndTime "10:07:21 PDT"]
[Termination "Dinamo81 won by resignation"]

1. d4 d5 2. c4 e6 3. Nc3 a6 4.
cxd5 exd5 5. Bf4 c6 6. e3 Bd6 7. Nf3 Ne7 8. g3 O-O 9. h3 Re8 10. Be2 Bf5 11. g4 Bc8 12. Qc2 Ng6 13. Bxd6 Qxd6 14.
O-O-O b5 15. Rdg1 a5 16. h4 a4 17. h5 Nf8 18. Ne5 f6 19. Nd3 Nbd7 20. g5 f5 21. Nf4 Nb6 22. Bd3 Qd7 23. Nce2 Nc4 24. Ng3 Nd6 25.
h6 g6 26. Ngh5 gxh5 27. g6 hxg6 28. h7+ Qxh7 29. Rxh5 Qg7 30. Qxc6 Ra6 31. Qxd5+ Be6 32. Nxe6 Rxe6 33. Kb1 a3 34. Bxf5 Nxf5 35. Rxf5 axb2 36.
Re5 Rd6 37. Qb3 Qf7 38. Rxb5 Qxf2 39. Rbg5 Qxe3 40. Rxg6+ Nxg6 41. Rxg6+ Kf7 42. Rxe6 Qxb3 0-1

[Event "*** SCC Grand Prix: Titled Tuesday Blitz"]
[Site "Chess.com"]
[Date "2020.06.09"]
[Round "6"]
[White "FontVella8"]
[Black "snap_man"]
[Result "1-0"]
[WhiteElo "2439"]
[BlackElo "2303"]
[TimeControl "180+1"]
[EndTime "10:07:21 PDT"]
[Termination "FontVella8 won by resignation"]

1. e4 c6 2. d4 d5 3. e5 Bf5 4.
Nf3 e6 5. Be2 Bb4+ 6. Nbd2 h6 7.
O-O Ba5 8. Nb3 Bc7 9. a4 a5 10. Bd2 Ne7 11. Rc1 O-O 12. c4 dxc4 13. Bxc4 Nd5 14.
Qe2 Na6 15. h3 Nab4 16. Nc5 Rb8 17. Nd3 Nxd3 18. Bxd3 Bxd3 19. Qxd3 Ne7 20. b4 Nf5 21. b5 cxb5 22. axb5 Bb6 23. Rc4 Qd5 24. Rfc1 Qxb5 25. Rb1 Qa6 26. d5 exd5 27. Qxd5 Rfd8 28. Qe4 Ne7 29. Qg4 Kh8 30. Rf4 Rf8 31. Rf6 Ng8 32.
Rfxb6 Qe2 33. Be3 Qd3 34. Qd4 Qf5 35. Qd5 Rbd8 36. Qxa5 Rd3 37. Rxb7 Ne7 38. Qc5 Ng6 39. Rb8 Rxb8 40. Rxb8+ Kh7 41. Qc8 Rd1+ 42. Kh2 Qxc8 43. Rxc8 Ne7 44. Rc7 Nf5 45. Rxf7 Kg6 46. e6 Nd6 47. Ne5+ Kh7 48. Rd7 1-0

[Event "*** SCC Grand Prix: Titled Tuesday Blitz"]
[Site "Chess.com"]
[Date "2020.06.09"]
[Round "6"]
[White "Evgeny81"]
[Black "Salem-AR"]
[Result "1-0"]
[WhiteElo "2766"]
[BlackElo "2959"]
[TimeControl "180+1"]
[EndTime "10:07:22 PDT"]
[Termination "Evgeny81 won on time"]

1. d4 Nf6 2. Nf3 g6 3. Bf4 Bg7 4. Nbd2 d5 5. e3 O-O 6. h3 c5 7. c3 Nc6 8. Bd3 Nd7 9. O-O e5 10. dxe5 Ndxe5 11. Nxe5 Nxe5 12. Be2 Re8 13. Nf3 Nc6 14.
Qc2 d4 15. cxd4 cxd4 16. Rad1 Bf5 17. Qb3 Qb6 18. Bc4 Qxb3 19. Bxb3 dxe3 20. Bxe3 Be6 21. Bxe6 Rxe6 22. Rd7 Re7 23. Rxe7 Nxe7 24. Rd1 Nf5 25. Bf4 Bxb2 26. Rb1 Bf6 27. Rxb7 a5 28. a4 Re8 29. g4 Re4 30. Bg5 Nd4 31. Bxf6 Nxf3+ 32. Kg2 Ne1+ 33. Kf1 Re8 34. Ra7 Nd3 35. Rxa5 h6 36.
h4 Kh7 37. Ra7 g5 38. h5 Re1+ 39. Kg2 Nf4+ 40. Kf3 Nd5 41. Rxf7+ Kg8 42. Rg7+ Kf8 43.
Rg6 Kf7 44. Bd4 Rd1 45. Ke4 Nf4 46. Rxh6 1-0

[Event "*** SCC Grand Prix: Titled Tuesday Blitz"]
[Site "Chess.com"]
[Date "2020.06.09"]
[Round "6"]
[White "GigaQuparadze"]
[Black "Volodar_Murzin"]
[Result "0-1"]
[WhiteElo "2829"]
[BlackElo "2724"]
[TimeControl "180+1"]
[EndTime "10:07:22 PDT"]
[Termination "Volodar_Murzin won by resignation"]

1. e4 c6 2. d4 d5 3. Nc3 dxe4 4. Nxe4 Bf5 5. Ng3 Bg6 6. h4 h6 7. Nf3 Nd7 8. h5 Bh7 9. Bd3 Bxd3 10. Qxd3 e6 11.
Bf4 Qa5+ 12. Bd2 Bb4 13. c3 Be7 14. c4 Qa6 15. O-O Ngf6 16. a4 O-O 17. b4 Rad8 18. b5 Qb6 19. Qe2 c5 20. d5 exd5 21. a5 Qe6 22.
Qd3 Bd6 23. Rfe1 Ne5 24. Nxe5 Bxe5 25. Nf5 dxc4 26. Qc2 Rxd2 27. Nxh6+ gxh6 28. Qxd2 Qf5 29. Ra4 Qxh5 30. Rxc4 Re8 31. g3 Bd4 32. Rxe8+ Nxe8 33. Qf4 Qd5 34. Rc1 Nd6 35. Qxh6 Ne4 36. Qf4 Nxf2 37.
Kf1 Qh1+ 38. Ke2 Qh5+ 39. g4 Qd5 40. b6 axb6 41. axb6 Qe6+ 42. Kf3 Qxb6 43. Qg5+ Kf8 44. Re1 Qb3+ 45. Kf4 Nh3+ 0-1

[Event "*** SCC Grand Prix: Titled Tuesday Blitz"]
[Site "Chess.com"]
[Date "2020.06.09"]
[Round "6"]
[White "Meri-Arabidze"]
[Black "TERMINATOR_PC"]
[Result "1-0"]
[WhiteElo "2650"]
[BlackElo "2483"]
[TimeControl "180+1"]
[EndTime "10:07:23 PDT"]
[Termination "Meri-Arabidze won by resignation"]

1. d4 Nf6 2. c4 g6 3. Nf3 Bg7 4.
g3 O-O 5. Bg2 d6 6. O-O Nc6 7.
Nc3 e5 8. dxe5 dxe5 9. Bg5 Be6 10. Qc1 Qc8 11. Nd2 Nd7 12. Nd5 Re8 13. Ne4 Bxd5 14.
cxd5 Nd4 15. Re1 f5 16. Nc3 a6 17. h4 Nf6 18. e3 Nb5 19. e4 Nd4 20. exf5 gxf5 21. Qd2 Qd7 22. Rad1 c6 23. dxc6 bxc6 24. Bh6 Rab8 25. Bxg7 Qxg7 26. b3 c5 27. Na4 Qe7 28. Qg5+ Kf7 29. Qh6 Rbc8 30. f4 e4 31. Kh1 Red8 32.
Nb6 Rc6 33. Nc4 Kg8 34. Ne5 Re6 35. Bh3 Kh8 36. Bxf5 Nxf5 37. Rxd8+ Qxd8 38. Nf7+ Kg8 39. Nxd8 Nxh6 40. Nxe6 Nf5 41. Kg2 Ng4 42. Nxc5 e3 43.
Nxa6 Kf7 44. Nc5 Ke7 45. a4 Kd6 46. b4 Kd5 47. a5 Nd4 48. a6 Nc6 49. h5 h6 50. Kf3 Nh2+ 51. Kxe3 Nxb4 52. a7 Ng4+ 53. Kd2 Kxc5 54. a8=Q 1-0

[Event "*** SCC Grand Prix: Titled Tuesday Blitz"]
[Site "Chess.com"]
[Date "2020.06.09"]
[Round "6"]
[White "Radzio1987"]
[Black "Semen_Khanin"]
[Result "1/2-1/2"]
[WhiteElo "2898"]
[BlackElo "2744"]
[TimeControl "180+1"]
[EndTime "10:07:24 PDT"]
[Termination "Game drawn by repetition"]

1. c4 e5 2. Nc3 Nf6 3. Nf3 Nc6 4. a3 g6 5. e3 Bg7 6. Qc2 O-O 7. b4 d6 8. Bb2 Re8 9. d3 Bf5 10. Nd2 h5 11. h3 h4 12. Be2 a6 13. Nde4 Nxe4 14.
dxe4 Be6 15. O-O Qg5 16. Kh2 f5 17. Nd5 Rac8 18. f4 Qg3+ 19. Kh1 fxe4 20. Qxe4 Bf5 21. Qf3 exf4 22. Bxg7 Kxg7 23. Qxf4 Qxf4 24. Rxf4 Re5 25. Raf1 Ne7 26. Nxe7 Rxe7 27. Bf3 Rxe3 28. Bxb7 Rb8 29. Bxa6 Rxa3 30. b5 Re8 31. Bb7 Rc3 32. Bd5 Ree3 33.
Rxh4 Rg3 34. Rhf4 Rc2 35. R4f2 Rgc3 36. Rxc2 Rxc2 37. g4 Bd3 38. Rf7+ Kh6 39. Rxc7 Kg5 40. Re7 Kf4 41. Re1 Kg3 42. b6 Bxc4 43. Bxc4 Rh2+ 44.
Kg1 Rg2+ 45. Kf1 Rf2+ 46. Kg1 Rg2+ 47. Kh1 Rh2+ 48. Kg1 Rg2+ 1/2-1/2

[Event "*** SCC Grand Prix: Titled Tuesday Blitz"]
[Site "Chess.com"]
[Date "2020.06.09"]
[Round "6"]
[White "David_Paravyan"]
[Black "babyking1205"]
[Result "1-0"]
[WhiteElo "2970"]
[BlackElo "2561"]
[TimeControl "180+1"]
[EndTime "10:07:24 PDT"]
[Termination "David_Paravyan won by resignation"]

1. e4 c5 2. Nf3 d6 3. d4 cxd4 4.
Nxd4 Nf6 5. Nc3 a6 6. Bd3 e5 7.
Nde2 Be7 8. O-O Be6 9. f4 b5 10. f5 Bc4 11. Bxc4 bxc4 12. Bg5 Nbd7 13. Kh1 Rb8 14.
Rb1 h6 15. Bxf6 Nxf6 16. Ng3 h5 17. Rf3 Qb6 18. Qe2 h4 19. Nf1 Qb7 20. Qxc4 O-O 21. Ne3 Rfc8 22. Qd3 Rxc3 23. Qxc3 Nxe4 24. Qd3 h3 25. Qd5 hxg2+ 26. Kxg2 Qb4 27. Qd3 Nd2 28. c3 e4 29. Qxd2 exf3+ 30. Kxf3 Qh4 31. Qg2 Bg5 32. Qg4 Qh6 33. Nd5 Re8 34. Rg1 f6 35. h4 Bxh4 36.
Qg6 Qxg6 37. fxg6 Bg5 38. Rd1 f5 39. b4 Re6 40. Rg1 Bf6 41. a4 Be5 42. b5 Kf8 43. b6 Re7 44. Nxe7 Kxe7 45. b7 d5 46. Re1 1-0

[Event "*** SCC Grand Prix: Titled Tuesday Blitz"]
[Site "Chess.com"]
[Date "2020.06.09"]
[Round "6"]
[White "2L8IWUN"]
[Black "Gareth-Bale11"]
[Result "0-1"]
[WhiteElo "2550"]
[BlackElo "2785"]
[TimeControl "180+1"]
[EndTime "10:07:24 PDT"]
[Termination "Gareth-Bale11 won on time"]

1. e4 c5 2. a3 d5 3. exd5 Qxd5 4.
Nf3 Nf6 5. Nc3 Qd8 6. Bc4 Nc6 7.
O-O Bg4 8. h3 Bh5 9. d3 e6 10. Re1 Be7 11. Bf4 O-O 12. Ne4 Nd5 13.
Bh2 Nd4 14. g4 Nxf3+ 15. Qxf3 Bg6 16. Rad1 Qd7 17. Qe2 Rae8 18. Bg3 a6 19. d4 cxd4 20. Rxd4 Qc6 21. Bb3 f5 22. gxf5 Bxf5 23. h4 Qb6 24.
Red1 Kh8 25. h5 h6 26. Qd2 Bg4 27. Re1 Bxh5 28. Be5 Kg8 29. Ba2 Bf3 30. c4 Nf6 31.
Nd6 Rd8 32. c5 Qxc5 33. Bxe6+ Kh8 34. Nf5 Rxd4 35. Bxd4 Qc7 36. Nxe7 Qxe7 37. Bg4 Qxe1+ 38. Qxe1 Nxg4 39. Qe7 Rg8 40. Qd6 Kh7 41. Qe6 Rf8 42.
Qe7 Rg8 43. Qe6 Rd8 44. Bf6 Rd1+ 0-1

[Event "*** SCC Grand Prix: Titled Tuesday Blitz"]
[Site "Chess.com"]
[Date "2020.06.09"]
[Round "6"]
[White "Thipsay"]
[Black "SargissyanSargis"]
[Result "1/2-1/2"]
[WhiteElo "2434"]
[BlackElo "2313"]
[TimeControl "180+1"]
[EndTime "10:07:24 PDT"]
[Termination "Game drawn - insufficient material"]

1. e4 e5 2. Nf3 Nc6 3. Bb5 a6 4. Ba4 Nf6 5. O-O Be7 6. Re1 b5 7. Bb3 d6 8. c3 O-O 9. h3 Bb7 10. d4 Re8 11. Nbd2 Bf8 12. Bc2 exd4 13. cxd4 Nb4 14. Bb1 c5 15. d5 c4 16. a3 Nd3 17. Bxd3 cxd3 18. Qb3 g6 19. Qxd3 Bg7 20. Rb1 a5 21. Nb3 b4 22. axb4 axb4 23. Bf4 Ba6 24. Qd2 Nxe4 25. Qxb4 Rb8 26. Qa4 Bb5 27. Qa5 Bd3 28. Qxd8 Rexd8 29. Na5 Bxb1 30. Rxb1 Rxb2 31. Re1 Nc3 32. Nc6 Ra8 33. Ne7+ Kh8 34. Ng5 Bf6 35. Nxf7+ Kg7 36. Nxd6 Ne2+ 37. Rxe2 Rxe2 38. Nc6 Re1+ 39. Kh2 g5 40. Bg3 Rd1 41. Nf5+ Kg6 42. Ne3 Rd3 43. d6 h5 44. Ne5+ Bxe5 45. Bxe5 Rd8 46. g4 R8xd6 47. Bxd6 Rxd6 48. Kg2 hxg4 49. hxg4 Ra6 50. Kf3 Rf6+ 51.
Kg3 Rf7 52. Nf5 Rxf5 53. gxf5+ Kxf5 54. f3 Kf6 55. f4 gxf4+ 56. Kxf4 1/2-1/2

[Event "*** SCC Grand Prix: Titled Tuesday Blitz"]
[Site "Chess.com"]
[Date "2020.06.09"]
[Round "6"]
[White "j2806"]
[Black "fridaywins"]
[Result "1/2-1/2"]
[WhiteElo "2031"]
[BlackElo "2209"]
[TimeControl "180+1"]
[EndTime "10:07:25 PDT"]
[Termination "Game drawn - insufficient material"]

1. e4 e5 2. Nf3 Nc6 3. Bb5 a6 4. Ba4 Nf6 5. d3 b5 6. Bb3 d5 7.
exd5 Nxd5 8. O-O Be7 9. Re1 Qd6 10. d4 exd4 11. Nxd4 Nxd4 12. Qxd4 Be6 13. Qxg7 Bf6 14. Qg3 O-O-O 15. Qxd6 Rxd6 16. c3 c5 17. Bc2 b4 18.
Bd2 Rhd8 19. a3 bxc3 20. Nxc3 Nxc3 21. Bxc3 Bxc3 22. bxc3 Rd2 23. Bxh7 Kc7 24. Be4 a5 25. Rab1 a4 26. g3 Bb3 27. h4 Ra2 28. Ra1 Rb2 29.
h5 Rh8 30. g4 Be6 31. f3 f5 32.
Bd3 Bd7 33. Be2 fxg4 34. fxg4 Rg8 35. Rab1 Rxb1 36. Rxb1 Bxg4 37. Bxg4 Rxg4+ 38. Kf2 Rh4 39. Rb5 Kc6 40. Ra5 Kd5 41. Kg3 Rxh5 42. Rxa4 Rh1 43.
Ra8 Kc4 44. a4 Kxc3 45. a5 Ra1 46. a6 Kc2 47. a7 c4 48. Rc8 Rxa7 49. Rxc4+ Kd3 50.
Rc5 Kd4 51. Rc6 Rd7 52. Rc2 Rd5 53. Rg2 Ke5 54. Kh3 Rd4 55. Rg3 Re4 56. Rg4 Rxg4 57. Kxg4 1/2-1/2

[Event "*** SCC Grand Prix: Titled Tuesday Blitz"]
[Site "Chess.com"]
[Date "2020.06.09"]
[Round "6"]
[White "Vandros57"]
[Black "mortngabriel"]
[Result "0-1"]
[WhiteElo "2233"]
[BlackElo "2461"]
[TimeControl "180+1"]
[EndTime "10:07:26 PDT"]
[Termination "mortngabriel won on time"]

1. d4 Nf6 2. Nf3 c5 3. d5 b5 4. a4 b4 5. c4 d6 6. b3 g6 7. Bb2 Bg7 8. Nbd2 O-O 9. Ra2 e6 10.
e4 exd5 11. exd5 Re8+ 12. Be2 Qe7 13. Nf1 h5 14. Ne3 Ng4 15. Bxg7 Nxe3 16. fxe3 Kxg7 17.
Bd3 Bg4 18. e4 Nd7 19. O-O Ne5 20. Raf2 f6 21. Be2 Nxf3+ 22. Bxf3 Bxf3 23. Rxf3 Rf8 24. Qd3 Rae8 25. Re3 Qe5 26. h3 Re7 27. Rfe1 Rfe8 28. Kf2 h4 29. Qe2 f5 30. exf5 Qxf5+ 31. Qf3 Qc2+ 32. R1e2 Rxe3 33. Rxc2 Rxf3+ 34. Kxf3 Re1 35.
Re2 Rxe2 36. Kxe2 Kf6 37. Kf3 Kf5 38. g4+ Ke5 39. Ke3 a5 40. Kf3 Kd4 41. Kf4 Kc3 42. Kg5 Kxb3 43. Kxg6 Kxc4 44. Kf6 b3 45. g5 b2 46. g6 b1=Q 47. g7 Qb2+ 0-1

[Event "*** SCC Grand Prix: Titled Tuesday Blitz"]
[Site "Chess.com"]
[Date "2020.06.09"]
[Round "6"]
[White "Bhagya_2312"]
[Black "von_Eschenbach"]
[Result "0-1"]
[WhiteElo "2131"]
[BlackElo "2355"]
[TimeControl "180+1"]
[EndTime "10:07:26 PDT"]
[Termination "von_Eschenbach won by resignation"]

1. e4 c5 2. Nf3 e6 3. d4 cxd4 4. Nxd4 Nc6 5. Nc3 Nf6 6. Nxc6 bxc6 7. Bd3 d5 8. O-O Be7 9. Qf3 O-O 10. Re1 Bb7 11.
Qh3 g6 12. Bh6 Re8 13. Rad1 c5 14. b3 Qa5 15. Bd2 Qc7 16. e5 Nd7 17. f4 c4 18.
bxc4 dxc4 19. Be4 Nc5 20. Bxb7 Qxb7 21. Be3 Rad8 22. Bxc5 Bxc5+ 23. Kh1 Qb2 24. Ne4 Be7 25.
Rb1 Qxc2 26. Nf6+ Bxf6 27. exf6 Qf5 28. Qxf5 gxf5 29. Rbc1 Rc8 30. Rc3 Rc5 31. g3 Rd8 32. Kg2 Rd2+ 33. Kf3 Rxa2 34. Rd1 h5 35. Rd4 Ra4 36.
Rd8+ Kh7 37. h3 Kg6 38. g4 hxg4+ 39. hxg4 fxg4+ 40. Kxg4 Kxf6 41. Rd6 a5 42. Rh3 Rb4 43. Rd7 c3 44. Rh6+ Kg7 45. Rd8 Kxh6 0-1

[Event "*** SCC Grand Prix: Titled Tuesday Blitz"]
[Site "Chess.com"]
[Date "2020.06.09"]
[Round "6"]
[White "amintabatabaei"]
[Black "kushagramohan"]
[Result "1-0"]
[WhiteElo "2883"]
[BlackElo "2726"]
[TimeControl "180+1"]
[EndTime "10:07:27 PDT"]
[Termination "amintabatabaei won by resignation"]

1. c4 Nf6 2. Nc3 g6 3. e4 d6 4. d4 Bg7 5. h3 O-O 6. Be3 c5 7.
Nf3 cxd4 8. Nxd4 b6 9. Qd2 Bb7 10. f3 Nbd7 11. O-O-O Rc8 12. Kb1 Ne5 13. b3 a6 14. Rc1 e6 15. Bh6 d5 16. Bxg7 Kxg7 17. f4 Nc6 18. Nxc6 Rxc6 19. e5 Ne4 20. Nxe4 dxe4 21.
Qxd8 Rxd8 22. Be2 Rd2 23. Rc2 Rd7 24. Rd1 Rcc7 25. Kc1 Kf8 26. g3 Ke7 27. Rcd2 Rxd2 28. Kxd2 Rd7+ 29. Ke3 a5 30. Rxd7+ Kxd7 31. a3 Kc6 32.
Kxe4 Kc5+ 33. Kd3 h6 34. Kc3 Bg2 35. b4+ axb4+ 36. axb4+ Kc6 37. h4 Be4 38. Kd4 Bg2 39. b5+ Kc7 40. c5 bxc5+ 41. Kxc5 Bb7 42. b6+ Kd7 43.
Bb5+ Kd8 44. Bc6 Kc8 45. Bxb7+ Kxb7 46. Kb5 Kb8 47. Kc6 Kc8 48. b7+ Kb8 49. Kb6 h5 50. Kc6 1-0

[Event "*** SCC Grand Prix: Titled Tuesday Blitz"]
[Site "Chess.com"]
[Date "2020.06.09"]
[Round "6"]
[White "szachuspl"]
[Black "Jumbo"]
[Result "0-1"]
[WhiteElo "2551"]
[BlackElo "2819"]
[TimeControl "180+1"]
[EndTime "10:07:27 PDT"]
[Termination "Jumbo won by resignation"]

1. d4 Nf6 2. c4 e6 3. Nf3 Bb4+ 4. Nbd2 O-O 5. g3 b6 6. Bg2 Bb7 7. O-O a5 8. a3 Be7 9. b3 d5 10. Bb2 Nbd7 11. e3 c5 12. Ne5 Qc7 13. Rc1 Rfd8 14. Qe2 dxc4 15. Bxb7 Qxb7 16. Ndxc4 a4 17. Nxd7 Nxd7 18. dxc5 axb3 19. c6 Qxc6 20. Ne5 Qa4 21. Nc6 Re8 22. Nxe7+ Rxe7 23. Rc4 Qa7 24. Rfc1 Nc5 25.
Rd1 e5 26. Rd5 Rae8 27. e4 h6 28. h4 Rd7 29. Qd1 Red8 30. Rb4 Rxd5 31. exd5 f6 32.
h5 Qb7 33. d6 Qc6 34. Rxb3 Rxd6 35. Qf3 Nxb3 36. Qxb3+ Qd5 37. Qb4 Rc6 38. Qe7 Qf7 39.
Qd8+ Kh7 40. Qd3+ Kh8 41. Qd8+ Qg8 42. Qd7 Qc8 43. Qd3 Rc7 44. a4 Rd7 45. Qe4 Qb7 46. Qf5 Rd1+ 0-1

[Event "*** SCC Grand Prix: Titled Tuesday Blitz"]
[Site "Chess.com"]
[Date "2020.06.09"]
[Round "6"]
[White "mfwagnerpeixoto"]
[Black "anastasiyakarlovych"]
[Result "0-1"]
[WhiteElo "2259"]
[BlackElo "1993"]
[TimeControl "180+1"]
[EndTime "10:07:27 PDT"]
[Termination "anastasiyakarlovych won by resignation"]

1. d4 Nf6 2. Nf3 c5 3. c3 b6 4.
Qc2 d5 5. Bf4 Bg4 6. Ne5 Bh5 7.
e3 Nbd7 8. Bb5 e6 9. Qa4 h6 10. Bc6 Rc8 11. Qxa7 Be7 12. Bb7 Nxe5 13. Bxe5 cxd4 14.
Bxc8 Qxc8 15. Qb8 Qxb8 16. Bxb8 dxe3 17. fxe3 O-O 18. Be5 Ng4 19. Bd4 e5 20. h3 Bh4+ 21. Kf1 Nf2 22. Bxe5 Nxh1 23. Nd2 Ng3+ 24. Bxg3 Bxg3 25.
Nf3 Re8 26. Ke2 Bf4 27. g4 Rxe3+ 28. Kf2 Bg6 29. Rd1 Rd3 30. Rxd3 Bxd3 31. Nd4 Kf8 32. Kf3 Bc1 33. b3 Bd2 34. Nc6 Bxc3 35. Nb8 Be4+ 36. Ke3 Bb2 37. Nd7+ Ke7 38. Nxb6 Bc1+ 39. Kd4 Kd6 40.
Nc8+ Kd7 41. Nb6+ Kc6 42. Nc8 Bb2+ 43. Ke3 g6 44. Ne7+ Kd6 45. Ng8 f5 46. gxf5 gxf5 47. Nxh6 Bc1+ 48. Kf2 Bxh6 49. h4 Ke5 0-1

[Event "*** SCC Grand Prix: Titled Tuesday Blitz"]
[Site "Chess.com"]
[Date "2020.06.09"]
[Round "6"]
[White "Natalya_Buksa"]
[Black "Infernal_XaM"]
[Result "0-1"]
[WhiteElo "2573"]
[BlackElo "2766"]
[TimeControl "180+1"]
[EndTime "10:07:29 PDT"]
[Termination "Infernal_XaM won by resignation"]

1. d4 d5 2. Nc3 c6 3. Bf4 Bf5 4. e3 e6 5. Nf3 Nd7 6. Qd2 Ngf6 7. Ne5 Nxe5 8. Bxe5 b5 9. f3 Bg6 10. g4 Bd6 11. h4 h5 12. Bxd6 Qxd6 13. g5 Nd7 14. O-O-O b4 15. Na4 O-O 16. Bd3 Bxd3 17. Qxd3 g6 18.
e4 Qc7 19. Kb1 a5 20. c4 dxe4 21. Qxe4 Rad8 22. d5 exd5 23. cxd5 Rfe8 24. Qd4 cxd5 25. Qxd5 Ne5 26. Qc5 Qxc5 27. Nxc5 Nxf3 28. Nb7 Rxd1+ 29.
Rxd1 a4 30. Nc5 Nxh4 31. Nd7 Kg7 32. Nf6 Re5 33. Rd8 Rxg5 34. Ne8+ Kh6 35. Nd6 Rg1+ 36.
Kc2 Rf1 37. Ne4 Nf5 38. Rb8 b3+ 39. axb3 axb3+ 40. Kxb3 Kg7 41. Kc4 h4 42. Ng5 Rg1 43.
Nf3 Rg4+ 44. Kc5 h3 45. Rb7 Rg3 46. Ne5 Nh6 47. Rd7 h2 48. Rd1 Rg1 49. Rxg1 0-1

[Event "*** SCC Grand Prix: Titled Tuesday Blitz"]
[Site "Chess.com"]
[Date "2020.06.09"]
[Round "6"]
[White "serhanberat_ozdemir"]
[Black "oskariot"]
[Result "0-1"]
[WhiteElo "2478"]
[BlackElo "2647"]
[TimeControl "180+1"]
[EndTime "10:07:29 PDT"]
[Termination "oskariot won on time"]

1. e4 e6 2. d4 d5 3. Nd2 c5 4. Ngf3 Nf6 5. e5 Nfd7 6. c3 Nc6 7.
Bd3 Be7 8. O-O Qb6 9. Re1 a5 10. Nb1 a4 11. Na3 cxd4 12. cxd4 Nxd4 13. Nxd4 Qxd4 14.
Nb5 Qb6 15. Qg4 g6 16. Be3 Qd8 17. Bh6 Nc5 18. Bf1 Bd7 19. Rac1 Bc6 20. Nd4 Qd7 21. b4 axb3 22. axb3 Na6 23. Nxc6 bxc6 24. Ra1 Qb7 25. Rec1 Nb4 26. Rxa8+ Qxa8 27. Bg7 Rg8 28. Bf6 Qb7 29. Qh4 h5 30. h3 Bxf6 31. exf6 Qb6 32.
Qf4 Kd7 33. Ra1 Rb8 34. Qh6 Qc7 35. Qe3 Qb6 36. Qh6 Qd4 37. Ra4 Qxf6 38. Ra7+ Kd6 39. Qe3 c5 40. Qg3+ e5 41. Qc3 Qe6 42. Qa1 Nc6 43.
Qa6 Qe8 44. Bb5 Qc8 0-1